 Dungeon Crawl Stone Soup version 0.21.0 (webtiles) character file.

14086 KamiKatze the Cleaver (level 11, -7/101 HPs)
             Began as a Minotaur Berserker on Jan 8, 2018.
             Was an Elder of Trog.
             Killed from afar by Fannar (17 damage)
             ... with a bolt of cold
             ... on level 11 of the Dungeon.
             The game lasted 00:29:39 (11120 turns).

KamiKatze the Cleaver (Minotaur Berserker)         Turns: 11120, Time: 00:29:40

Health: -7/101     AC: 10    Str: 24    XL:     11   Next: 84%
Magic:  10/10      EV: 17    Int:  4    God:    Trog [****..]
Gold:   864        SH:  0    Dex: 13    Spells: 10/10 levels left

rFire    . . .     SeeInvis .   a - +0 hand axe
rCold    . . .     Gourm    .   (no shield)
rNeg     . . .     Faith    .   i - +0 ring mail (curse)
rPois    .         Spirit   .   (helmet restricted)
rElec    .         Reflect  .   V - scarf {cloud immunity}
rCorr    .         Harm     .   (no gloves)
MR       ++...                  y - +2 pair of boots
Stlth    +.........             (no amulet)
HPRegen  1.26/turn              n - +2 ring of dexterity (curse)
MPRegen  0.12/turn              w - +1 ring of evasion

@: berserk cooldown, regenerating, slowed, drained, very slow
A: retaliatory headbutt, horns 2
a: Berserk, Trog's Hand, Brothers in Arms, Burn Spellbooks, Renounce Religion


You were on level 11 of the Dungeon.
You worshipped Trog.
Trog was greatly pleased with you.
You were very hungry.

You visited 2 branches of the dungeon, and saw 12 of its levels.

You collected 864 gold pieces.

Inventory:

Hand Weapons
 a - a +0 hand axe (weapon)
 G - a +0 war axe
 L - a +4 flail
 N - a +0 war axe
 U - the +6 scimitar of Rotation {flame, -Tele rElec rPois Int+7, unknown}
   (You found it on level 11 of the Dungeon)

   It has been specially enchanted to burn those struck by it, causing extra
   injury to most foes and up to half again as much damage against particularly
   susceptible opponents.
   Big, fiery blades are also staple armaments of hydra-hunters.
   It affects your intelligence (+7).
   It insulates you from electricity.
   It protects you from poison.
   It prevents most forms of teleportation.
Missiles
 d - 289 stones (quivered)
 E - 13 tomahawks
 W - 2 throwing nets
Armour
 i - a cursed +0 ring mail (worn)
 t - a +0 scale mail
 y - a +2 pair of boots (worn)
 O - a +0 plate armour
 Q - a +0 chain mail
 V - a scarf of cloud immunity (worn)
Jewellery
 n - a cursed +2 ring of dexterity (left hand)
 w - a +1 ring of evasion (right hand)
 H - an uncursed ring of protection from fire {unknown}
 R - an uncursed ring of magical power {unknown}
 S - an uncursed amulet of the gourmand {unknown}
Wands
 I - a wand of paralysis (54)
 J - a wand of acid (7)
 M - a wand of random effects (34)
 T - a wand of iceblast (11)
Scrolls
 b - 7 scrolls of remove curse {unknown}
 f - 3 scrolls of magic mapping {unknown}
 g - a scroll of random uselessness {unknown}
 k - a scroll of fear {unknown}
 l - 4 scrolls of immolation {unknown}
 o - 9 scrolls of identify {unknown}
 p - 4 scrolls of teleportation {unknown}
 q - a scroll of blinking {unknown}
 r - 2 scrolls of enchant armour {unknown}
 s - 6 scrolls of amnesia {unknown}
 z - 5 scrolls of enchant weapon {unknown}
 F - a scroll of summoning {unknown}
 K - 2 scrolls of fog {unknown}
Potions
 e - 6 potions of magic {unknown}
 h - 8 potions of curing {unknown}
 j - 5 potions of flight {unknown}
 m - 3 potions of heal wounds {unknown}
 u - 2 potions of agility {unknown}
 v - 2 potions of ambrosia {unknown}
 x - a potion of degeneration {unknown}
 A - 3 potions of mutation {unknown}
 D - 3 potions of brilliance {unknown}
 P - 2 potions of haste {unknown}
 X - a potion of resistance {unknown}
Books
 B - a book of Misfortune

   Spells                             Type                      Level
   a - Confusing Touch                Hexes                        1
   b - Confuse                        Hexes                        3
   c - Gell's Gravitas                Translocation                3
   d - Petrify                        Transmutation/Earth          4
   e - Metabolic Englaciation         Hexes/Ice                    5
   f - Yara's Violent Unravelling     Hexes/Transmutation          5
   Trog disapproves of the use of such an item.
 C - a Young Poisoner's Handbook

   Spells                             Type                      Level
   a - Sting                          Conjuration/Poison           1
   b - Poisonous Vapours              Poison/Air                   2
   c - Mephitic Cloud                 Conjuration/Poison/Air       3
   d - Olgreb's Toxic Radiance        Poison                       4
   e - Venom Bolt                     Conjuration/Poison           5
   Trog disapproves of the use of such an item.
Comestibles
 c - 34 rations


   Skills:
 + Level 10.9(10.3) Fighting
 * Level 14.4(13.8) Axes
 + Level 10.6(10.1) Armour
 + Level 9.7(9.2) Dodging


You had 10 spell levels left.
You didn't know any spells.

Dungeon Overview and Level Annotations

Branches:
Dungeon (11/15)            Temple (1/1) D:4            Lair (0/6) D:11
    Orc: D:9-12

Altars:
Ashenzari
Cheibriados
Dithmenos
Elyvilon
Fedhas
Gozag
Hepliaklqana
Kikubaaqudgha
Makhleb
Nemelex Xobeh
Okawaru
Qazlal
Ru
Sif Muna
Trog
Uskayaw
Vehumet
Wu Jian
Xom
Yredelemnul
Zin
The Shining One

Portals:
Trove: D:11 (give 17 scrolls of identify)

Annotations:
D:11 Erolcha, Fannar


Innate Abilities, Weirdness & Mutations

You reflexively headbutt those who attack you in melee.
You have a pair of horns on your head.


Message History

The ice beast closely misses you.
The ice beast hits you but does no damage.
Fannar mumbles some strange words.
Unknown command.
Your ring mail prevents you from hitting Fannar.
Your headbutt misses Fannar.
Fannar is heavily wounded.
You hit the ice beast. x2; You hit something but do no damage.
Something hits you!
* * * LOW HITPOINT WARNING * * *
The ice beast hits you.
* * * LOW HITPOINT WARNING * * *
The ice beast freezes you!
* * * LOW HITPOINT WARNING * * *
The ice beast closely misses you. You furiously retaliate!
You headbutt the ice beast, but do no damage.
Fannar glares icily.
Fannar points at you and mumbles some strange words.
The bolt of cold hits you!
You die...

#
#.........#.#
##...## #
#..######.###
##### ###..#
#.# .##..# #.#
.....# #.#
.##.## #.####
.##.# #....#
.##.#
#.##.#########
..#.#
#....Y@e.Y..%.
#.#.#
#....Y{###....
#.#.#
#.#.#...≈ .
#.#.#
#.##..#...#
#..
#.##.##PP.# #
.. #.


PPP.. #≈ P>P..≈ #. PPPP.. You could see Fannar and 3 ice beasts.

Vanquished Creatures
  The ghost of sour the Grappler, a journeyman TrMo of Makhleb (D:9)
  3 two-headed ogres
  2 centaur zombies
  A gargoyle (D:10)
  A guardian mummy (D:11)
  A troll (D:9)
  A queen bee (D:9)
  The ghost of puimuR the Cleaver, an amateur HOMo (D:6)
  Grinder (D:5)
  A hippogriff (D:10)
  A slime creature (D:11)
  16 yaks
  Eustachio (D:5)
  2 hungry ghosts
  Duvessa (D:5)
  Edmund (D:5)
  An acid dragon (D:10)
  A water moccasin (D:9)
  4 orc warriors
  3 ice beasts
  A phantom (D:7)
  An eye of draining (D:8)
  6 ogres
  A necrophage (D:10)
  A centaur (D:10)
  2 big kobolds (D:3)
  A wyvern zombie (D:8)
  6 bullfrogs
  2 scorpions
  Dowan (D:5)
  47 killer bees
  4 howler monkeys
  9 crimson imps
  3 hounds
  8 jellies
  A quasit (D:10)
  2 orc priests
  Jessica (D:2)
  3 iguanas
  10 orc wizards
  3 worker ants
  A howler monkey skeleton (D:4)
  5 gnolls
  7 adders
  3 shadow imps
  5 oozes (D:11)
  2 adder skeletons
  3 worms
  5 dart slugs
  3 leopard geckos
  19 orcs
  7 giant cockroaches
  7 goblins
  12 hobgoblins
  5 quokkas
  9 bats
  8 frilled lizards
  10 kobolds
  A quokka skeleton (D:8)
  A quokka zombie (D:7)
  4 rats
274 creatures vanquished.

Notes
Turn   | Place    | Note
-------+----------+-------------------------------------------
     0 | D:1      | KamiKatze the Minotaur Berserker began the quest for the Orb.
     0 | D:1      | Reached XP level 1. HP: 19/19 MP: 0/0
   120 | D:1      | Reached XP level 2. HP: 27/27 MP: 1/1
   161 | D:1      | Reached skill level 4 in Axes
   652 | D:2      | Reached ** piety under Trog
   652 | D:2      | Reached XP level 3. HP: 21/33 MP: 2/2
   754 | D:2      | Noticed Jessica
   757 | D:2      | Killed Jessica
   853 | D:2      | Found a glowing silver altar of Zin.
   885 | D:2      | Found a shadowy altar of Dithmenos.
  1021 | D:2      | Found a sacrificial altar of Ru.
  1035 | D:2      | Reached XP level 4. HP: 26/40 MP: 3/3
  1630 | D:3      | Reached skill level 5 in Axes
  1688 | D:3      | Reached XP level 5. HP: 16/47 MP: 4/4
  2022 | D:3      | Found a shimmering altar of Xom.
  2154 | D:3      | Reached *** piety under Trog
  2154 | D:3      | Reached skill level 6 in Axes
  2154 | D:3      | Reached XP level 6. HP: 35/55 MP: 5/5
  2717 | D:3      | Reached skill level 5 in Fighting
  3689 | D:4      | Found a staircase to the Ecumenical Temple.
  3694 | Temple   | Entered the Ecumenical Temple
  3884 | D:5      | Entered Level 5 of the Dungeon
  3966 | D:5      | Reached XP level 7. HP: 61/61 MP: 6/6
  3975 | D:5      | Noticed Edmund
  3982 | D:5      | Killed Edmund
  3982 | D:5      | Reached skill level 7 in Axes
  4000 | D:5      | Found a sparkling altar of Nemelex Xobeh.
  4058 | D:5      | Noticed Dowan
  4083 | D:5      | Killed Dowan
  4083 | D:5      | Reached skill level 5 in Armour
  4096 | D:5      | Noticed Duvessa
  4122 | D:5      | Killed Duvessa
  4187 | D:5      | Noticed Eustachio
  4195 | D:5      | Killed Eustachio
  4197 | D:5      | Reached skill level 8 in Axes
  4197 | D:5      | Reached skill level 5 in Dodging
  4197 | D:5      | Reached XP level 8. HP: 47/70 MP: 7/7
  4374 | D:5      | Noticed Grinder
  4388 | D:5      | Killed Grinder
  4746 | D:6      | Found a blossoming altar of Fedhas.
  4767 | D:6      | Found a stormy altar of Qazlal.
  4776 | D:6      | Noticed puimuR's ghost (amateur HOMo)
  4790 | D:6      | Killed puimuR's ghost
  4790 | D:6      | Reached skill level 9 in Axes
  5264 | D:6      | Reached XP level 9. HP: 72/79 MP: 8/8
  5603 | D:7      | Reached skill level 10 in Axes
  5902 | D:7      | Found an opulent altar of Gozag.
  5981 | D:7      | Noticed a two-headed ogre
  5995 | D:7      | Killed a two-headed ogre
  6053 | D:7      | Found a radiant altar of Vehumet.
  6183 | D:7      | Reached skill level 11 in Axes
  6201 | D:7      | Reached **** piety under Trog
  6233 | D:7      | Found an ornate altar of the Wu Jian Council.
  6233 | D:7      | Found a bloodstained altar of Trog.
  6234 | D:7      | Found a deep blue altar of Sif Muna.
  6236 | D:7      | Found a glowing golden altar of the Shining One.
  6345 | D:8      | Noticed a two-headed ogre
  6370 | D:8      | Killed a two-headed ogre
  6370 | D:8      | Reached XP level 10. HP: 21/90 MP: 0/9
  6811 | D:8      | Reached skill level 12 in Axes
  6928 | D:8      | Found a shattered altar of Ashenzari.
  7430 | D:9      | Noticed a two-headed ogre
  7452 | D:8      | Killed a two-headed ogre
  7884 | D:9      | Noticed sour's ghost (journeyman TrMo)
  7944 | D:9      | Killed sour's ghost
  7944 | D:9      | Reached skill level 13 in Axes
  7944 | D:9      | Reached XP level 11. HP: 14/99 MP: 10/10
  8274 | D:9      | Reached skill level 10 in Fighting
  9101 | D:10     | Entered Level 10 of the Dungeon
  9112 | D:9      | Reached skill level 10 in Armour
  9629 | D:10     | Reached skill level 14 in Axes
 10566 | D:11     | Found a portal to a secret trove of treasure.
 10586 | D:11     | Got an ichor-stained scimitar
 10680 | D:11     | Reached ***** piety under Trog
 11092 | D:11     | Found a staircase to the Lair.
 11092 | D:11     | Noticed Fannar
 11100 | D:11     | Noticed Erolcha
 11120 | D:11     | Killed from afar by Fannar

Skill      XL: |  1  2  3  4  5  6  7  8  9 10 11 |
---------------+----------------------------------+-----
Axes           | 4 5 6 8 9 11 13 14 | 14.4
Fighting       | 4 5 6 7 8 9 10 | 10.9
Armour         | 3 4 5 6 8 9 10 | 10.6
Dodging        | 3 4 5 6 7 8 9 |  9.7

Action                   |  1- 3 |  4- 6 |  7- 9 | 10-12 || total
-------------------------+-------+-------+-------+-------++-------
Melee: Hand axe          |    68 |   122 |   234 |   577 ||  1001
       Headbutt          |     8 |    30 |    50 |   139 ||   227
Invok: Berserk           |     1 |     1 |     5 |     7 ||    14
       Trog's Hand       |       |       |     7 |    10 ||    17
  Eat: Chunk             |     1 |    10 |    14 |    20 ||    45
       Ration            |       |       |       |     2 ||     2
Armor: Animal skin       |    13 |       |       |       ||    13
       Ring mail         |     3 |    34 |    57 |   112 ||   206
Dodge: Dodged            |    37 |    70 |   123 |   453 ||   683
